 Dungeon Crawl Stone Soup version 0.22-a0-40-g3d2f077def (webtiles) character file.

0 Manul the Ducker (level 1, -10/11 HPs)
             Began as a Spriggan Abyssal Knight on Jan 5, 2018.
             Was a Follower of Lugonu.
             Killed by divine providence
             ... invoked by a smoke demon
              (11 damage)
             ... on level 1 of the Abyss.
             The game lasted 00:00:39 (153 turns).

Manul the Ducker (Spriggan Abyssal Knight)           Turns: 153, Time: 00:00:40

Health: -10/11     AC:  2    Str:  8    XL:     1   Next: 0%
Magic:  3/3        EV: 18    Int: 13    God:    Lugonu [*.....]
Gold:   0          SH:  0    Dex: 15    Spells: 0/0 levels left

rFire    . . .     SeeInvis +   a - +1 short sword
rCold    . . .     Gourm    .   (shield restricted)
rNeg     . . .     Faith    .   b - +0 robe
rPois    .         Spirit   .   (helmet restricted)
rElec    .         Reflect  .   (no cloak)
rCorr    .         Harm     .   (gloves unavailable)
MR       .....                  (boots unavailable)
Stlth    +.........             (no amulet)
HPRegen  0.03/turn              (no ring)
MPRegen  0.08/turn              (no ring)

@: very quick
A: very small, unfitting armour, see invisible, herbivore, speed 3, slow
metabolism 2
a: Depart the Abyss, Renounce Religion


You were on level 1 of the Abyss.
You worshipped Lugonu.
Lugonu was aware of your devotion.
You were not hungry.

You visited 0 branches of the dungeon, and saw 0 of its levels.
You visited the Abyss 1 time.

Inventory:

Hand Weapons
 a - a +1 short sword (weapon)
Armour
 b - a +0 robe (worn)
Potions
 d - a potion of heal wounds {unknown}
 e - a potion of might {unknown}
Comestibles
 c - a ration


   Skills:
 + Level 2.4 Fighting
 + Level 2.1 Short Blades
 + Level 3.5 Dodging
 + Level 1.7 Invocations


You couldn't memorise any spells.
You didn't know any spells.

Dungeon Overview and Level Annotations

Branches:
Dungeon (0/15)

Altars:


Innate Abilities, Weirdness & Mutations

You are very small and have problems with some larger weapons.
You are too small for most types of armour.
You have supernaturally acute eyesight. (SInv)
You are a herbivore.
You cover ground extremely quickly.
You need consume almost no food.


Message History

The lich shouts!
You hear a chilling moan.
A tentacle flies out from the starspawn's body!
A starspawn tentacle comes into view.
A starspawn tentacle comes into view.
The starspawn tentacle grabs you. The starspawn tentacle constricts you.
You escape the starspawn tentacle's grasp.
A lorocyproca comes into view.
An iron imp comes into view.
A small abomination and a large abomination come into view.
The iron imp shouts!
The small abomination hits you!
Ouch! That really hurt!
* * * LOW HITPOINT WARNING * * *
The small abomination misses you.
A smoke demon comes into view.
The smoke demon roars!
You hear a shout!
The smoke demon gestures at you. Something smites you!
Ouch! That really hurt!
You die...

.. #..# ..# ...#
#.. .3# ... ...
#.##.# ....###
...#.#..#.##
#....@.#.# .
#....#...##
#...#..#.#.## ##
#.##..#.#...#
#..#. #
#....#.####.#...
#..#....###...#
#.....##... ##
#..##.....##.####
... .#. #.x..#.
#####


You could see a smoke demon.

Vanquished Creatures (others)
  2 starspawn tentacles (Abyss:1)
2 creatures vanquished.

Notes
Turn   | Place    | Note
-------+----------+-------------------------------------------
     0 | Abyss:1  | Manul the Spriggan Abyssal Knight began the quest for the Orb.
     0 | Abyss:1  | Reached XP level 1. HP: 11/11 MP: 3/3
    37 | Abyss:1  | Noticed a large abomination
    50 | Abyss:1  | Noticed a quasit
    58 | Abyss:1  | Noticed an apocalypse crab
    63 | Abyss:1  | Noticed a quasit
    64 | Abyss:1  | Noticed a lich
    64 | Abyss:1  | Noticed a tentacled starspawn
    90 | Abyss:1  | Noticed a small abomination
    93 | Abyss:1  | Noticed a lorocyproca
   121 | Abyss:1  | Noticed an iron imp
   122 | Abyss:1  | Noticed a small abomination
   122 | Abyss:1  | Noticed a large abomination
   152 | Abyss:1  | Noticed a smoke demon
   153 | Abyss:1  | Killed from afar by a smoke demon

Vault maps used:

Action                   || total
-------------------------++-------
Dodge: Dodged            ||     1

Table legend:
 A = Spawn XP
 B = Non-spawn XP
 C = Spawn XP percentage of total XP
 D = Spawn monster count
 E = Non-spawn monster count
 F = Spawn count percentage of total count
 G = Total turns spent on level
                    A         B        C        D         E        F      G
               +---------+---------+-------+---------+---------+-------+---------
         Total |       0 |       0 |   N/A |       0 |       0 |   N/A |   153
               +---------+---------+-------+---------+---------+-------+---------
               +---------+---------+-------+---------+---------+-------+---------
